[Event "Late-Titled-Tuesday-Blitz-February-27-2024"]
[Site "Chess.com"]
[Date "2024.02.27"]
[Round "10"]
[White "Tunahan_Makaraci"]
[Black "BardArtem"]
[Result "1-0"]
[WhiteElo "2593"]
[BlackElo "2702"]
[TimeControl "180+1"]
[EndTime "15:56:29 PST"]
[Termination "Tunahan_Makaraci won on time"]

1. e4 c5 2. Nf3 d6 3. d4 cxd4 4. Nxd4 Nf6 5. Nc3 a6 6. Bc4 e5 7. Nf5 Bxf5 8. exf5 Be7 9. O-O O-O 10. Bg5 Nbd7 11. Bxf6 Nxf6 12. Nd5 Kh8 13. Nxf6 Bxf6 14. Bd5 Qc7 15. c3 g6 16. fxg6 hxg6 17. Re1 Kg7 18.
Re3 Rh8 19. Qg4 Rh4 20. Qg3 Rah8 21. h3 Be7 22. Rf3 f6 23. Re1 b5 24. Be4 R4h6 25.
Qg4 Qc8 26. Bf5 Qc4 27. Qxc4 bxc4 28. Be6 Rh4 29. g3 R4h6 30. Kg2 f5 31. h4 Bxh4 32. gxh4 Rxh4 33. Rd1 f4 34. Rxd6 g5 35. Rh3 Rxh3 36.
Bxh3 Rb8 37. Rd2 Kf6 38. Kf3 Rh8 39. Bg4 Rh4 40. Rd6+ Kf7 41. Bc8 Rh1 42. Rxa6 Rc1 43. Be6+ Ke7 44. Bxc4 Rc2 45. Rb6 g4+ 46. Kxg4 Rxf2 47.
a4 e4 48. a5 e3 49. a6 e2 50.
Re6+ Kd7 51. Rxe2 Rf1 52. Rd2+ Kc7 53. Bxf1 1-0

[Event "Late-Titled-Tuesday-Blitz-February-27-2024"]
[Site "Chess.com"]
[Date "2024.02.27"]
[Round "10"]
[White "FernandoArauzAlonso"]
[Black "Zampronha1971"]
[Result "1/2-1/2"]
[WhiteElo "2546"]
[BlackElo "2343"]
[TimeControl "180+1"]
[EndTime "15:56:29 PST"]
[Termination "Game drawn - insufficient material"]

1. Nf3 d5 2. g3 c5 3. Bg2 Nc6 4. d3 Nf6 5. O-O g6 6. Nbd2 Bg7 7. e4 O-O 8. Re1 Bg4 9. h3 Bxf3 10. Bxf3 dxe4 11.
dxe4 Qd7 12. Bg2 Rad8 13. c3 Ne5 14. Qe2 Nd3 15. Rd1 b5 16. c4 a6 17. Nb3 bxc4 18.
Nxc5 Qb5 19. Nxd3 cxd3 20. Qe3 Nh5 21. Bf1 Bd4 22. Qxd3 Bxf2+ 23. Kxf2 Rxd3 24. Rxd3 Qe5 25. Bg2 f5 26. Kg1 fxe4 27. Re3 Nxg3 28. Bd2 Nf5 29. Re2 Qd4+ 30. Kh1 e3 31. Bc3 Ng3+ 32. Kh2 Nxe2 33. Bxd4 Nxd4 34. Re1 Nf3+ 35. Bxf3 Rxf3 36.
Kg2 Rf2+ 37. Kg3 Rxb2 38. Rxe3 Rxa2 39. Rxe7 a5 40. Kg4 a4 41. Kg5 a3 42. Kf6 Rf2+ 43.
Kg5 a2 44. Ra7 Rf5+ 45. Kg4 Rf2 46. Kg5 Kf8 47. Kh6 Rf3 48. h4 Rf2 49. Kxh7 Rh2 50.
Kxg6 Rxh4 51. Rxa2 Rg4+ 52. Kf5 Rd4 53. Rf2 Rd7 54.
Rf4 Rf7+ 55. Kg5 Rxf4 56. Kxf4 1/2-1/2

[Event "Late-Titled-Tuesday-Blitz-February-27-2024"]
[Site "Chess.com"]
[Date "2024.02.27"]
[Round "10"]
[White "Felix-Rose"]
[Black "NovakRatko"]
[Result "1-0"]
[WhiteElo "2288"]
[BlackElo "2444"]
[TimeControl "180+1"]
[EndTime "15:56:29 PST"]
[Termination "Felix-Rose won on time"]

1. Nf3 d5 2. e3 c5 3. d4 Nc6 4. c4 cxd4 5. cxd5 Qxd5 6. Nc3 Qa5 7. Nxd4 Nxd4 8. Qxd4 a6 9. Bc4 Nf6 10. O-O e5 11. Qd3 Be7 12. Nd5 Nxd5 13. Bxd5 O-O 14. e4 Rb8 15. Bd2 Qb6 16. Bc3 Bf6 17. Qg3 Re8 18.
Rfd1 Be6 19. Rd3 Bxd5 20. Rxd5 Rbd8 21. Rad1 Rxd5 22. Rxd5 Qe6 23. h3 g6 24. Kh2 h5 25.
Qd3 Bg7 26. a3 Qf6 27. Qg3 Kh8 28. Rd7 b5 29. Qf3 Qxf3 30. gxf3 Kg8 31. Ra7 Re6 32. Ra8+ Kh7 33. Ra7 f5 34. exf5 gxf5 35. f4 Kg6 36. fxe5 f4 37. Kg2 Bh8 38. Kf3 Bxe5 39. Bxe5 Rxe5 40.
Rxa6+ Kf5 41. h4 Rc5 42. Rh6 Rc2 43. Rxh5+ Kf6 44. Rxb5 Rc5 45. Rxc5 1-0

[Event "Late-Titled-Tuesday-Blitz-February-27-2024"]
[Site "Chess.com"]
[Date "2024.02.27"]
[Round "10"]
[White "DraningWaterHi"]
[Black "adricalderon8"]
[Result "0-1"]
[WhiteElo "2250"]
[BlackElo "2510"]
[TimeControl "180+1"]
[EndTime "15:56:32 PST"]
[Termination "adricalderon8 won by resignation"]

1. d4 Nf6 2. c4 b6 3. Nc3 Bb7 4. Qc2 d5 5. cxd5 Nxd5 6. e4 Nxc3 7. bxc3 e5 8. Nf3 exd4 9. cxd4 Bb4+ 10. Bd2 Bxd2+ 11. Qxd2 Bxe4 12. Qe3 Qe7 13. Ne5 Bd5 14. Bd3 Qb4+ 15. Qd2 Qxd2+ 16. Kxd2 O-O 17. Rac1 c6 18. f3 Rd8 19. Ke3 f6 20. Ng4 Nd7 21. Rhd1 Nf8 22. a3 Re8+ 23. Kf2 Rad8 24. Ba6 Re7 25. Ne3 Bb3 26.
Rd3 Ba4 27. Rd2 Ne6 28. d5 cxd5 29. Rxd5 Rxd5 30. Nxd5 Rd7 31. Bc8 Rd6 32. Bxe6+ Rxe6 33. Rc8+ Re8 34. Rc7 Bb3 35. Ne7+ Kf8 36. Nf5 Re5 37.
Nd4 Bd1 38. Rxa7 Ra5 39. Ne6+ Ke8 40. Nxg7+ Kd8 41. Ne6+ Kc8 42. Rxa5 bxa5 43. Ke3 Kd7 44. Nd4 Kd6 45. Kd2 Ba4 46. Kc3 Ke5 47. Nb3 Kf4 48. Nxa5 Ke3 49. Nb3 Kf2 50. Nd4 Bd7 51. g4 Ke3 52. h4 Ba4 53. h5 Bd7 54. Kc4 Ba4 55.
Kc5 Bd1 56. h6 Ba4 57. Kd5 Bd1 58. Ke6 Kxd4 59. Kxf6 Bxf3 60. g5 Be4 61. a4 Kc5 62. Ke5 Bg6 63. Kf6 Kb4 64. Ke5 Kxa4 65. Kf6 Kb4 66. Ke5 Kc5 67. Kf6 Kd5 68. Ke7 Ke5 69.
Kf8 Kf5 0-1

[Event "Late-Titled-Tuesday-Blitz-February-27-2024"]
[Site "Chess.com"]
[Date "2024.02.27"]
[Round "10"]
[White "Flaccidmoves"]
[Black "GiorgianBarbosa"]
[Result "0-1"]
[WhiteElo "2458"]
[BlackElo "2531"]
[TimeControl "180+1"]
[EndTime "15:56:33 PST"]
[Termination "GiorgianBarbosa won on time"]

1. e4 c5 2. Nf3 d6 3. Bb5+ Bd7 4. c4 Nf6 5. Nc3 e6 6. O-O Be7 7. d4 cxd4 8. Nxd4 O-O 9. Bxd7 Nbxd7 10. Be3 a6 11.
Rc1 Qc7 12. b3 Rfe8 13. f4 Nc5 14. Qf3 Rac8 15. Rfd1 Bf8 16. g4 g6 17. h4 h5 18.
gxh5 Nxh5 19. f5 exf5 20. exf5 Qe7 21. Nd5 Qe5 22. Bf2 Ne4 23. Re1 Bh6 24. Rcd1 Kh7 25. fxg6+ fxg6 26. Qg4 Nxf2 27. Qd7+ Qg7 28. Qxg7+ Bxg7 29. Kxf2 Rxe1 30. Kxe1 Rf8 31. Ne6 Re8 32. Nc7 Re7 33.
Rxd6 Be5 34. Nf8+ Kg7 35. Nce6+ Kf7 36. Rd5 Bg7 37. Kf2 Bxf8 38. Ng5+ Kg7 39. Rd6 Re2+ 40. Kxe2 Bxd6 41. Ne6+ Kf6 42. Nd8 b5 43. cxb5 axb5 44. a4 bxa4 45. bxa4 Ke5 46. Nf7+ Kd5 47. Kf3 Be5 48.
Kg4 Bf6 49. a5 Kc6 50. a6 Kb6 0-1

[Event "Late-Titled-Tuesday-Blitz-February-27-2024"]
[Site "Chess.com"]
[Date "2024.02.27"]
[Round "10"]
[White "Yurovskykh_Oleksandr"]
[Black "ATM622"]
[Result "0-1"]
[WhiteElo "2651"]
[BlackElo "2537"]
[TimeControl "180+1"]
[EndTime "15:56:34 PST"]
[Termination "ATM622 won by checkmate"]

1. d4 Nf6 2. Nf3 e6 3. Bf4 d5 4. e3 Be7 5. Nbd2 O-O 6. Bd3 c5 7. c3 Nc6 8. h3 b6 9. Qe2 Bb7 10. O-O c4 11. Bc2 b5 12. a3 a5 13. e4 b4 14.
axb4 axb4 15. e5 Nd7 16. g3 b3 17. Rxa8 Qxa8 18. Bb1 Ba6 19. h4 Qc8 20. Kg2 f5 21. exf6 Nxf6 22. Ng5 Nxd4 23. cxd4 c3 24. Bd3 Bxd3 25. Qxd3 cxd2 26. Bxd2 h6 27. Nf3 Ne4 28. Bf4 Qe8 29. Qxb3 Rxf4 30. gxf4 Qg6+ 31. Kh2 Bd6 32. Ne5 Bxe5 33. fxe5 Nd2 34. Qd1 Qd3 35. Rh1 Qxd4 36. Qe2 Qxh4+ 37. Kg2 Qg5+ 38. Kh2 Ne4 39. Rg1 Qxe5+ 40.
Kg2 Qg5+ 41. Kf1 Nd2+ 42. Ke1 Qxg1+ 43. Kxd2 Qg5+ 44. Kc2 Qf5+ 45. Kc3 e5 46. b4 Qc8+ 47.
Kd2 Qb8 48. Qd3 Qxb4+ 49. Ke2 Qe4+ 50. Qxe4 dxe4 51. Ke3 Kf7 52. Kxe4 Ke6 53. f3 h5 54.
f4 exf4 55. Kxf4 Kf6 56. Kg3 Kg5 57. Kh3 h4 58. Kg2 Kg4 59. Kh2 g5 60. Kg2 Kh5 61.
Kh2 g4 62. Kg2 Kg5 63. Kh2 Kf4 64. Kg2 Ke3 65. Kh2 Kf2 66. Kh1 Kg3 67. Kg1 Kh3 68.
Kh1 g3 69. Kg1 g2 70. Kf2 Kh2 71. Kf3 g1=Q 72. Kf4 h3 73. Ke5 Kg2 74. Kd6 h2 75. Kc7 h1=Q 76. Kb8 Kh2 77. Kc8 Qhg2 78. Kb8 Q1f1 79.
Kc8 Qge2 80. Kb8 Qfd1 81. Kc8 Qec2+ 82. Kb8 Qdc1 83. Kb7 Q2b1+ 84. Ka7 Qcb2 85. Ka8 Q2a1# 0-1

[Event "Late-Titled-Tuesday-Blitz-February-27-2024"]
[Site "Chess.com"]
[Date "2024.02.27"]
[Round "10"]
[White "northridgehawk"]
[Black "elchacal664"]
[Result "0-1"]
[WhiteElo "2274"]
[BlackElo "2418"]
[TimeControl "180+1"]
[EndTime "15:56:38 PST"]
[Termination "elchacal664 won by resignation"]

1. e4 c5 2. d3 Nc6 3. Nc3 g6 4.
Nge2 Bg7 5. g3 d6 6. Bg2 h5 7.
O-O h4 8. f4 hxg3 9. Nxg3 Bd4+ 10.
Kh1 e6 11. Qe2 Qh4 12. Bh3 Qxh3 13. Qg2 Qxg2+ 14. Kxg2 Bg7 15. Nce2 Bh6 16. c3 Nge7 17. h4 Bd7 18. Be3 O-O-O 19. Rh1 Bg7 20. Kf3 b6 21. Rag1 d5 22. h5 Rdg8 23. a3 Bf8 24. b4 cxb4 25.
axb4 Kb7 26. hxg6 Nxg6 27. Nh5 Be7 28. b5 Na5 29. Nd4 e5 30. Nf5 Bxf5 31. exf5 Nxf4 32. Nxf4 exf4 33. Bxf4 Bf6 34. d4 Nc4 35. Re1 Rxh1 36.
Rxh1 Rh8 37. Rc1 Kc8 38. Ra1 Kb7 39. Rc1 Rh3+ 40. Kg4 Rd3 41. Bg5 Bxg5 42. Kxg5 Rf3 43. Re1 Ne3 44. Kf6 Rxf5+ 45. Ke7 Rf3 46. Kd6 f5 47.
Rh1 Nc4+ 48. Kxd5 Rxc3 49. Rh7+ Kc8 50. Rh8+ Kd7 51. Rh7+ Ke8 52. Rxa7 f4 53. Ke6 Re3+ 54. Kf6 f3 55. Ra8+ Kd7 56. Ra7+ Kd6 57. Rf7 f2 58. Kg5 Re2 59. Kg4 Ne3+ 60. Kf3 f1=Q+ 61. Ke4 Qxf7 62. d5 Qxd5+ 63. Kf4 Qxb5 0-1

[Event "Late-Titled-Tuesday-Blitz-February-27-2024"]
[Site "Chess.com"]
[Date "2024.02.27"]
[Round "10"]
[White "GMKrikor"]
[Black "KATPAH"]
[Result "1/2-1/2"]
[WhiteElo "2844"]
[BlackElo "2665"]
[TimeControl "180+1"]
[EndTime "15:56:39 PST"]
[Termination "Game drawn by repetition"]

1. Nf3 Nf6 2. c4 g6 3. Nc3 Bg7 4. e4 O-O 5. d4 d6 6. h3 c5 7.
d5 e6 8. Be2 exd5 9. exd5 Re8 10. O-O Bf5 11. g4 Bc8 12. Bd3 h5 13. g5 Bxh3 14.
gxf6 Bxf1 15. Kxf1 Bxf6 16. Bf4 g5 17. Bg3 g4 18.
Nd2 Nd7 19. Kg2 Ne5 20. Bc2 h4 21. Bxe5 Rxe5 22. Nde4 Bg7 23. Nb5 f5 24. Nexd6 h3+ 25. Kh1 a6 26. Nxf5 Qg5 27. Nbd6 Rf8 28. Qd3 Rf6 29. Rg1 h2 30. Kxh2 Rxd6 31. Nxd6 Qf4+ 32. Kg2 Rh5 33. Rh1 Rxh1 34. Kxh1 Qxd6 35. Qh7+ Kf8 36. Qf5+ Kg8 37. Qxg4 Qe5 38. Bf5 Qxb2 39. Be6+ Kf8 40. Kg2 Qf6 41. Qh5 Ke7 42. a4 a5 43. Qg4 b6 44. Qg3 Qe5 45. Qh3 Qg5+ 46. Kf1 Qc1+ 47. Kg2 Qg5+ 48. Qg4 Qxg4+ 49. Bxg4 Be5 50. Kf3 Kf6 51.
Ke4 Bd6 52. Bd7 Kg5 53. Bc6 Kg4 54. Bd7+ Kg5 55. Be8 Kg4 56. Bd7+ Kg5 1/2-1/2

[Event "Late-Titled-Tuesday-Blitz-February-27-2024"]
[Site "Chess.com"]
[Date "2024.02.27"]
[Round "10"]
[White "CURRUTACO59"]
[Black "TheAlienParty"]
[Result "0-1"]
[WhiteElo "2237"]
[BlackElo "2381"]
[TimeControl "180+1"]
[EndTime "15:56:39 PST"]
[Termination "TheAlienParty won on time"]

1. Nf3 d6 2. d4 Bg4 3. Nbd2 g6 4.
g3 Bg7 5. Bg2 c6 6. O-O Qd7 7.
c4 Bh3 8. e4 Bxg2 9. Kxg2 Qc7 10. Qe2 Nd7 11. b3 c5 12. Bb2 cxd4 13. Nxd4 Ngf6 14. Rac1 a6 15. Rfd1 b6 16. Nf1 Qb7 17.
f3 O-O 18. Ne3 Ne5 19. Rc2 e6 20. Rcd2 Rfd8 21. Ndc2 Ne8 22. Ne1 g5 23. Nd3 Ng6 24. Bxg7 Kxg7 25. Nf2 h5 26. Qd3 Qc6 27. Qd4+ Kg8 28.
Nh3 g4 29. fxg4 hxg4 30. Nxg4 f5 31. Ngf2 fxe4 32. Nxe4 Ra7 33. Kg1 Ne5 34. Rf1 Rdd7 35.
Rdf2 Rf7 36. Nhg5 Rxf2 37. Rxf2 Re7 38. Qe3 Ng4 39. Qf4 Nxf2 40. Nxf2 Qc5 41. Kg2 Qf5 42. Qe3 e5 43. Nfe4 Rg7 44. h4 Rb7 45. Qd3 b5 46. Qd5+ Kf8 47. Qxb7 Nf6 48. Nxf6 Qxf6 49.
Qc8+ Ke7 50. Qc7+ Ke8 51. Qc8+ Ke7 52. Qg4 Kd8 53. Qf3 Qg7 0-1

[Event "Late-Titled-Tuesday-Blitz-February-27-2024"]
[Site "Chess.com"]
[Date "2024.02.27"]
[Round "10"]
[White "Unkreativ3"]
[Black "delqate"]
[Result "1-0"]
[WhiteElo "2592"]
[BlackElo "2408"]
[TimeControl "180+1"]
[EndTime "15:56:42 PST"]
[Termination "Unkreativ3 won on time"]

1. e4 c6 2. Nf3 d5 3. Nc3 Bg4 4. exd5 cxd5 5. d4 Nc6 6. Be2 e6 7. O-O Nf6 8. h3 Bh5 9. Bg5 Be7 10. Ne5 Bxe2 11. Nxe2 O-O 12. Nxc6 bxc6 13. c3 Ne4 14. Bxe7 Qxe7 15. Qa4 c5 16. f3 Nd2 17. Rfe1 Nc4 18. b3 Nb6 19. Qa3 Rfc8 20. dxc5 Rxc5 21. Rad1 Qc7 22.
Qa6 h6 23. Kh1 Nd7 24. Qd3 Ne5 25. Qe3 Ng6 26. Rc1 a5 27. Nd4 Rc8 28. Qg1 Qg3 29.
Ne2 Qg5 30. b4 Rc4 31. Rb1 axb4 32. Rxb4 Nh4 33. f4 Qg6 34. Qf2 Qf6 35. Reb1 h5 36. a4 Nf5 37. a5 R4c6 38. Rb8 Qd8 39. Rxc8 Qxc8 40. Qa7 Ra6 41. Qb8 Qxb8 42. Rxb8+ Kh7 43.
Rb5 Nd6 44. Rb6 Rxb6 45. axb6 Kg6 46. Nd4 Nb7 47. g4 hxg4 48. hxg4 Kf6 49. Kg2 e5 50. g5+ Ke7 51. fxe5 Kd7 52. Kf3 Nc5 53. Kg4 Ne4 54. Kf5 Nxc3 55. g6 fxg6+ 56. Kxg6 Na4 57. e6+ Ke7 58.
b7 1-0

[Event "Late-Titled-Tuesday-Blitz-February-27-2024"]
[Site "Chess.com"]
[Date "2024.02.27"]
[Round "10"]
[White "SpeedofLight0"]
[Black "Hikaru"]
[Result "0-1"]
[WhiteElo "3073"]
[BlackElo "3255"]
[TimeControl "180+1"]
[EndTime "15:56:44 PST"]
[Termination "Hikaru won by resignation"]

1. e4 c6 2. Nf3 d5 3. d3 Bg4 4.
Nbd2 Nf6 5. h3 Bxf3 6. Qxf3 g6 7. e5 Nfd7 8. d4 Bh6 9. c3 Nf8 10. Be2 Nbd7 11. O-O Ne6 12. Qg4 Bf4 13. g3 h5 14.
Qf3 Bh6 15. Nb3 Bxc1 16. Nxc1 h4 17. Nd3 hxg3 18. fxg3 Rh7 19. Qg4 Ndf8 20. Rf2 Qd7 21. Raf1 Nd8 22. h4 Qxg4 23. Bxg4 Nfe6 24. Kg2 a5 25. a4 b6 26. Kf3 c5 27. Ke3 Ra7 28.
Bf3 Rd7 29. Nf4 Nxf4 30. Kxf4 g5+ 31. Kxg5 Ne6+ 32. Kg4 cxd4 33. Be2 Rc7 34. cxd4 Nxd4 35. Bd3 Rg7+ 36. Kh3 e6 37. Rf4 Nb3 38. h5 Nc5 39. h6 Rg8 40. h7 Rh8 41. Bg6 fxg6 42. Rf8+ Rxf8 43. Rxf8+ Kxf8 44. h8=Q+ Ke7 45. Qg7+ Kd8 46. Qf8+ Kd7 47. Qd6+ Kc8 48. Qxb6 d4 49. Qxa5 d3 50. Qd2 Rd7 51. Qc3 Rd5 52. Qd2 Ne4 53. Qc1+ Kd7 54.
Kg2 d2 55. Qd1 Nc5 56. b3 Nxb3 57. Kf3 Na5 58. Ke2 Nc4 59. g4 Nb2 60. Qxd2 Rxd2+ 61. Kxd2 Nxa4 62. Ke3 Ke7 63. Kf4 Nc5 64. Kg5 Kf7 65.
Kh6 Nd3 66. g5 Nxe5 67. Kh7 Nf3 68. Kh6 e5 69. Kh7 e4 70. Kh6 e3 71. Kh7 e2 72.
Kh6 e1=Q 0-1

[Event "Late-Titled-Tuesday-Blitz-February-27-2024"]
[Site "Chess.com"]
[Date "2024.02.27"]
[Round "10"]
[White "Fjal"]
[Black "DeArron_Fox"]
[Result "0-1"]
[WhiteElo "2303"]
[BlackElo "2481"]
[TimeControl "180+1"]
[EndTime "15:56:44 PST"]
[Termination "DeArron_Fox won by checkmate"]

1. Nf3 d5 2. g3 Nf6 3. Bg2 e6 4. O-O Be7 5. d3 O-O 6. Nbd2 c5 7. e4 Nc6 8. e5 Nd7 9. Re1 Qc7 10. Qe2 b5 11. h4 a5 12. Nf1 Ba6 13. Bf4 Rfc8 14. N1h2 b4 15. h5 h6 16. Ng4 Bf8 17. Qd2 Kh7 18.
c3 a4 19. a3 bxc3 20. bxc3 Na5 21. Rab1 Rab8 22. Qc2 Nb3 23. Bf1 Kg8 24. c4 dxc4 25. dxc4 Bb7 26. Nd2 Nxd2 27. Qxd2 Qc6 28. Rxb7 Qxb7 29.
Bg2 Qc7 30. Nf6+ gxf6 31. exf6 Qd8 32. Bxb8 Nxb8 33. Qf4 Nd7 34. Rd1 Qc7 35. Qh4 Rd8 36.
Be4 Nxf6 37. Qxf6 Rxd1+ 38. Kg2 Qd8 39. Qf4 Qd4 40. Qg4+ Kh8 41. Qf3 Re1 42. Bc2 Qg7 43.
Qd3 Re5 44. Bd1 Rg5 45. g4 Qe5 46. f3 Qd4 47. Qe2 Re5 48. Qc2 Bg7 49. Qxa4 Qd2+ 50. Kg3 Qe1+ 51. Kf4 Bf6 52. Qe8+ Kg7 53. Bc2 Qd2+ 54.
Kg3 Qxc2 55. Qc6 Qc1 56. Qc8 Qe1+ 57. Kf4 Bg5# 0-1

[Event "Late-Titled-Tuesday-Blitz-February-27-2024"]
[Site "Chess.com"]
[Date "2024.02.27"]
[Round "10"]
[White "Resignify"]
[Black "pfalcon1949"]
[Result "0-1"]
[WhiteElo "2194"]
[BlackElo "1919"]
[TimeControl "180+1"]
[EndTime "15:56:45 PST"]
[Termination "pfalcon1949 won on time"]

1. e4 e6 2. Nc3 d5 3. g3 Nf6 4. Bg2 Be7 5. d3 O-O 6. Nge2 c5 7. O-O Nc6 8. exd5 exd5 9. Nf4 d4 10. Ncd5 Nxd5 11.
Nxd5 Bd6 12. Re1 Be6 13. Nf4 Bxf4 14. Bxf4 Rc8 15. a3 b6 16. Qh5 Re8 17. Re4 Qd7 18. Rae1 Rf8 19. h3 Bd5 20. R4e2 Bxg2 21. Kxg2 Rfe8 22. Qf3 Rxe2 23. Rxe2 Ne7 24. Re5 Ng6 25. Re4 Nxf4+ 26. Qxf4 f6 27. g4 h6 28. Qf5 Qxf5 29. gxf5 Kf7 30. Kf3 Re8 31. Kf4 Rxe4+ 32. Kxe4 g6 33.
c3 gxf5+ 34. Kxf5 c4 35. Ke4 dxc3 36. bxc3 cxd3 37. Kxd3 Ke6 38. Ke4 f5+ 39. Kd4 Kd6 40.
f3 b5 41. f4 a6 42. c4 bxc4 43. Kxc4 Kc6 44. Kd4 Kd6 45. h4 h5 46. Kc4 Kc6 47.
Kb4 Kd5 48. Ka5 Ke4 49. Kxa6 Kxf4 50. Kb6 Kg3 51. a4 f4 52. a5 f3 53. a6 f2 54.
a7 f1=Q 55. a8=Q Qf2+ 56. Kc7 Qf4+ 57. Kd7 Qd4+ 58. Ke6 Qg4+ 59. Kd6 Qf4+ 60. Ke6 Qe3+ 61. Kd6 Qd4+ 62. Ke6 Qg4+ 63. Kd6 Qxh4 64. Qa3+ Kg4 65. Qb4+ Kh3 66. Qb5 Qg3+ 67. Ke6 h4 68. Qf1+ Qg2 69.
Qf5+ Kh2 0-1

[Event "Late-Titled-Tuesday-Blitz-February-27-2024"]
[Site "Chess.com"]
[Date "2024.02.27"]
[Round "10"]
[White "rasmussvane"]
[Black "ProChessWICTH"]
[Result "1-0"]
[WhiteElo "2940"]
[BlackElo "2593"]
[TimeControl "180+1"]
[EndTime "15:56:48 PST"]
[Termination "rasmussvane won on time"]

1. Nf3 c6 2. g3 d5 3. Bg2 Nf6 4. O-O Bf5 5. c4 e6 6. Qb3 Qb6 7. d3 Nbd7 8. cxd5 Qxb3 9. axb3 exd5 10. Bd2 Bd6 11. b4 O-O 12. Bc3 a6 13. Nbd2 Rfe8 14. Nd4 Bg6 15. N2b3 Bc7 16. Rfe1 Re7 17. Kf1 Rae8 18.
h3 h6 19. Rad1 Bd6 20. f4 Nb6 21. Ra1 Re3 22. Kf2 R3e7 23. Bf3 Nc8 24. Rad1 Nb6 25.
Ra1 Nc8 26. Nc2 h5 27. Ncd4 Nb6 28. Bd2 Nc8 29. Bc3 h4 30. gxh4 Bxf4 31. Bd2 Bxd2 32. Nxd2 Nd6 33. Rg1 Nf5 34. Nxf5 Bxf5 35. Rg3 Kh7 36.
Nb3 Nd7 37. Nd4 Be6 38. Rag1 Rg8 39. Rg5 Nf6 40. R5g3 Nd7 41. Ke1 Nf6 42. Kd2 Nd7 43. Bg4 Bxg4 44. hxg4 Ne5 45. Rf1 f6 46. g5 Rf8 47.
Rfg1 b6 48. Nf5 Ra7 49. gxf6 gxf6 50. Rg7+ Rxg7 51. Rxg7+ Kh8 52. Rb7 b5 53. Ra7 Rg8 54.
Rxa6 Rg2 55. Nd4 Rh2 56. Nxc6 Rxh4 57. Kc3 Rh2 58. Nd4 Ng4 59. Rb6 Ne3 60. Rxf6 Rh1 61. Rb6 1-0

[Event "Late-Titled-Tuesday-Blitz-February-27-2024"]
[Site "Chess.com"]
[Date "2024.02.27"]
[Round "10"]
[White "LiemLe"]
[Black "KuzubovYuriy"]
[Result "0-1"]
[WhiteElo "3055"]
[BlackElo "2985"]
[TimeControl "180+1"]
[EndTime "15:56:49 PST"]
[Termination "KuzubovYuriy won by resignation"]

1. d4 g6 2. e4 Bg7 3. Nc3 d6 4. Nf3 Nc6 5. d5 Nb8 6. Be2 Nf6 7. O-O O-O 8. a4 c6 9. Re1 Nbd7 10. h3 a5 11. Be3 Qc7 12. Nd2 Nb6 13. Bf3 Nfd7 14.
Ra3 Nc5 15. Qe2 cxd5 16. exd5 Bd7 17. Nb5 Qc8 18. b3 Re8 19. Ra2 Bxb5 20. Qxb5 Nbd7 21.
Nc4 Qc7 22. Bd2 Ne5 23. Bxa5 Nxf3+ 24. gxf3 Qc8 25. Kg2 Qf5 26. Nxd6 Qg5+ 27. Kf1 Red8 28. Bxd8 Rxd8 29. Ne4 Nxe4 30. fxe4 Bc3 31. Re3 Bd4 32.
Rf3 Qc1+ 33. Kg2 Qg5+ 34. Rg3 Qf6 35. c4 b6 36. Qb4 h5 37. Qd2 Be5 38. Rf3 Qh4 39.
Qe3 Rd6 40. Re2 Kg7 41. Kf1 f6 42. Qd2 g5 43. Qd3 g4 44. Rg3 Rd8 45. hxg4 hxg4 46. Ke1 Rh8 47. Kd2 Qg5+ 48. Kc2 Rh1 49. Rge3 Bf4 50. Qd4 Bxe3 51. Qxe3 Qe5 52. Qc3 Rc1+ 53.
Kxc1 Qxc3+ 54. Kd1 Qxb3+ 55. Rc2 Qxa4 56. Kd2 Qb4+ 57.
Kd3 Qc5 58. Ke2 Kg6 59. Rc3 Kg5 60. Rc2 Qd4 61. Rd2 Qxe4+ 62. Kf1 Qxc4+ 63. Re2 Qxd5 64. Kg1 e5 65. Re1 b5 66. Rb1 Qc4 67. Re1 b4 68.
Rd1 b3 69. Rd8 b2 70. Rc8 Qxc8 71.
Kg2 Qc6+ 0-1

[Event "Late-Titled-Tuesday-Blitz-February-27-2024"]
[Site "Chess.com"]
[Date "2024.02.27"]
[Round "10"]
[White "Grischuk"]
[Black "Kirill_Klukin"]
[Result "1-0"]
[WhiteElo "3048"]
[BlackElo "2843"]
[TimeControl "180+1"]
[EndTime "15:56:52 PST"]
[Termination "Grischuk won on time"]

1. d4 d5 2. Nf3 e6 3. Bf4 Bd6 4. e3 Ne7 5. Nbd2 Ng6 6. Bg3 h5 7. c4 c6 8. Bd3 Bxg3 9. hxg3 Qf6 10. Bxg6 Qxg6 11. Ne5 Qg5 12. g4 Nd7 13. f4 Qe7 14. gxh5 Nxe5 15. fxe5 Bd7 16. Qg4 O-O-O 17. O-O-O f6 18.
Qf4 Rdf8 19. g4 Qb4 20. a3 Qa4 21. c5 b6 22. Rdf1 Qb5 23. exf6 gxf6 24. g5 e5 25. Qf2 bxc5 26. g6 Rfg8 27. Qxf6 cxd4 28. exd4 e4 29. Qf4 Qd3 30. Nb1 e3 31. Nc3 e2 32. Re1 Re8 33. Qd2 Qc4 34. g7 Rhg8 35. h6 Bf5 36.
Rxe2 Rxe2 37. Qxe2 Qxd4 38. Qd2 Qf6 39. Qf4 Qe6 40.
Rf1 Bg6 41. Kd2 Kb7 42. Na4 Qe7 43. b4 Re8 44. Nc5+ Kb6 45. Qf2 Kb5 46. a4+ Kxb4 47. Qd4+ Ka5 48. Qc3+ Kb6 49. Qb4+ Kc7 50. Qb7+ Kd6 51.
Qxe7+ Kxe7 52. Nd3 Bxd3 53. Kxd3 c5 54. Re1+ Kf7 55.
Rxe8 c4+ 56. Kd4 1-0

[Event "Late-Titled-Tuesday-Blitz-February-27-2024"]
[Site "Chess.com"]
[Date "2024.02.27"]
[Round "10"]
[White "Fh2411"]
[Black "Alex_Sahakyan2006"]
[Result "1-0"]
[WhiteElo "2649"]
[BlackElo "2805"]
[TimeControl "180+1"]
[EndTime "15:56:52 PST"]
[Termination "Fh2411 won on time"]

1. d4 Nf6 2. Nf3 d5 3. Bf4 c5 4. e3 Qb6 5. Nc3 c4 6. Rb1 e6 7. a3 Qa5 8. Qd2 Nc6 9. Be2 b5 10. Ne5 Nxe5 11. Bxe5 b4 12. axb4 Bxb4 13. Bxf6 gxf6 14.
O-O f5 15. Ra1 Qb6 16. Qc1 Bb7 17. Na4 Qc7 18. g3 h5 19. c3 Bd6 20. f4 h4 21. Kg2 Ke7 22. Rh1 Rag8 23. Kf2 Rh6 24. Qc2 Rgh8 25. Bf3 Qb8 26. b4 cxb3 27. Qxb3 Kf6 28. Rab1 hxg3+ 29. hxg3 Rxh1 30. Bxh1 Bc6 31. Qa2 Qg8 32. Nc5 Rh2+ 33. Bg2 Bxc5 34. Kg1 Rxg2+ 35. Qxg2 Bb6 36. Qh3 Ke7 37. Qh4+ Kd7 38. Kf2 Qg4 39. Qxg4 fxg4 40. Ke2 Ba4 41. Kd2 Kc6 42. Rh1 f5 43. Rh7 Bb3 44. Kc1 Kd6 45. Kb2 Ba4 46. Rg7 Bd7 47.
Rg8 a5 48. Ra8 Kc6 49. Rh8 Kb5 50. Ka3 Bc7 51. Kb2 Bd6 52. Rd8 Kc6 53. Ra8 Kb7 54.
Rh8 1-0

[Event "Late-Titled-Tuesday-Blitz-February-27-2024"]
[Site "Chess.com"]
[Date "2024.02.27"]
[Round "10"]
[White "alexrustemov"]
[Black "yaguigor"]
[Result "1/2-1/2"]
[WhiteElo "2792"]
[BlackElo "2635"]
[TimeControl "180+1"]
[EndTime "15:56:53 PST"]
[Termination "Game drawn by agreement"]

1. d4 d5 2. c4 c6 3. Nc3 Nf6 4. e3 e6 5. Nf3 Nbd7 6. Qc2 Bd6 7. Bd2 O-O 8. O-O-O c5 9. Kb1 a6 10. e4 cxd4 11.
Nxd4 Be5 12. Bg5 dxe4 13. Nxe4 Qb6 14. Nxf6+ Bxf6 15. Bxf6 Nxf6 16. Be2 Bd7 17. c5 Qc7 18. Bf3 Rfc8 19. Rc1 e5 20. Nf5 Bxf5 21. Qxf5 Re8 22. Rhe1 Rad8 23. g4 Rd4 24. Be4 h6 25. h4 Nxe4 26.
Rxe4 Rxe4 27. Qxe4 Rd8 28. c6 bxc6 29. Qxc6 Qxc6 30.
Rxc6 Rd2 31. Rxa6 Rxf2 32. Ra8+ Kh7 33. Re8 Rf4 34. Rxe5 Rxg4 35. h5 g5 36. hxg6+ Kxg6 37. Kc2 h5 38. Kc3 h4 39. Re8 Kg7 40. Re1 h3 41.
Rh1 Rh4 42. b4 Kf6 43. a4 Ke6 44. a5 Kd5 45. Kb3 h2 46. Ka4 Kc6 47. Rc1+ Kb7 48. Rh1 Ka6 49. Kb3 Kb5 50. Kc3 Rh3+ 51. Kd4 f6 52. Ke4 Kxb4 53. a6 Rh8 54. a7 Ra8 55.
Rxh2 Rxa7 56. Kf5 Kc5 57. Kxf6 Ra6+ 58. Ke5 Ra5 59. Rd2 1/2-1/2

[Event "Late-Titled-Tuesday-Blitz-February-27-2024"]
[Site "Chess.com"]
[Date "2024.02.27"]
[Round "10"]
[White "ural58"]
[Black "PepeCuenca"]
[Result "0-1"]
[WhiteElo "2487"]
[BlackElo "2695"]
[TimeControl "180+1"]
[EndTime "15:56:54 PST"]
[Termination "PepeCuenca won on time"]

1. e4 d6 2. d4 Nf6 3. Nc3 e5 4. dxe5 dxe5 5. Qxd8+ Kxd8 6. Bd2 Nbd7 7. Bc4 Ke8 8. Nb5 Bd6 9. Nxd6+ cxd6 10. f3 Nc5 11.
O-O-O Be6 12. Bxe6 fxe6 13. Ne2 Ke7 14. Nc3 a6 15. b4 Ncd7 16. Na4 b5 17. Nb2 Rhc8 18. Be3 Rc6 19. Rd2 Rac8 20. Rhd1 Nb6 21. Bxb6 Rxb6 22.
a4 bxa4 23. Rd3 Ne8 24. Ra3 Rxb4 25. Rxa4 Rxa4 26. Nxa4 Nc7 27. Rd3 Nb5 28. Kb2 Nd4 29.
c3 Rb8+ 30. Ka2 Nc6 31. Nb2 Na5 32. g3 Nb7 33. Nc4 Rc8 34. Ne3 Nc5 35. Rd2 Rc7 36.
c4 Rb7 37. Rc2 Rb3 38. Re2 Rd3 39. Kb2 a5 40. Kc2 Rb3 41. f4 exf4 42. gxf4 a4 43. e5 dxe5 44. fxe5 Nd7 45. Nd1 Nb6 46. Nb2 Rb4 47.
Kc3 Rb3+ 48. Kc2 Ra3 49. Re4 Nd7 50. Rg4 g6 51. Nd3 Ra2+ 52. Kc3 Rxh2 53. c5 Rh3 54. Kc4 Rxd3 0-1